 Dungeon Sprint DCSS version 0.31-a0-1-g4198be8af4 (webtiles) character file.

Game seed: 9312461776319366437

535 rocky1 the Geomancer (level 7, -6/36 HPs)
             Began as a Deep Elf Earth Elementalist on Apr 30, 2023.
             Was a High Priest of Sif Muna.
             Mangled by a manticore (22 damage)
             ... in the Dungeon (Sprint VII: "The Pits").
             The game lasted 00:03:52 (767 turns).

rocky1 the Geomancer (Deep Elf Earth Elementalist)   Turns: 767, Time: 00:03:52

Health: -6/36      AC:  2    Str:  5    XL:     7   Next: 4%
Magic:  19/22      EV: 12    Int: 22    God:    Sif Muna [*****.]
Gold:   0          SH:  0    Dex: 15    Spells: 16/25 levels left

rFire   . . .        g - +3 quarterstaff (protect)
rCold   . . .        (shield currently unavailable)
rNeg    . . .        a - +0 robe
rPois   .            (no helmet)
rElec   .            (no cloak)
rCorr   .            (no gloves)
SInv    .            (no boots)
Will    .....        (no amulet)
Stlth   ++           (no ring)
HPRegen 0.26/turn    (no ring)
MPRegen 0.18/turn

%: no teleportation
@: spiked, slowed, very slow
A: no striking features
a: Renounce Religion, Channel Magic, Forget Spell, Divine Exegesis


You were in the Dungeon.
You worshipped Sif Muna.
Sif Muna was extremely pleased with you.
You visited 1 branch

Inventory:

Hand Weapons
 g - a +3 quarterstaff of protection (weapon)
 k - a +0 club
Armour
 a - a +0 robe (worn)
Scrolls
 i - 5 scrolls of amnesia
 j - a scroll of butterflies
Potions
 b - 4 potions of magic
 d - 5 potions of curing
 e - a potion of haste
 f - 3 potions of berserk rage
 h - 2 potions of invisibility


   Skills:
 - Level 2.4 Dodging
 - Level 2.4 Stealth
 + Level 9.5 Spellcasting
 + Level 6.6 Conjurations
 - Level 1.1 Transmutations
 * Level 11.2 Earth Magic
 + Level 7.3 Invocations


You had 16 spell levels left.
You knew the following spells:

 Your Spells              Type           Power      Damage    Failure   Level
a - Sandblast             Erth           100%       2d20      1%          1
b - Stone Arrow           Conj/Erth      98%        3d13      1%          3
c - Borgnjor's Vile Clut  Necr/Erth      17%        N/A       17%         5

Your spell library contained the following spells:

 Spells                   Type           Power      Damage    Failure   Level
 Passwall                 Tmut/Erth      30%        N/A       1%          2
 Petrify                  Tmut/Erth      37%        N/A       4%          4
 Ice Form                 Ice/Tmut       12%        N/A       45%         4
 Blade Hands              Tmut           7%         N/A       75%         5


Dungeon Overview and Level Annotations

Branches:
Dungeon (1/1)

Altars:
Ashenzari
Cheibriados
Dithmenos
Elyvilon
Fedhas
Gozag
Hepliaklqana
Kikubaaqudgha
Makhleb
Nemelex Xobeh
Okawaru
Qazlal
Ru
Sif Muna
Trog
Uskayaw
Vehumet
Wu Jian
Xom
Yredelemnul
Zin
The Shining One
Jiyva
Lugonu


Message History

You feel as though you will be slow longer.
You feel much better. The wraith hits you.
Aiming: Stone Arrow (safe; 1% risk of failure)
Press: ? - help, Q - select action, (/) - cycle Shift-Dir - straight line, f/p - manticore
Aim: a manticore (heavily wounded, 85% to hit)
The stone arrow hits the wraith.
The wraith is almost destroyed.
The wraith hits you but does no damage. The wraith hits you!
You don't have enough magic to cast this spell.
You don't have enough magic to cast this spell.
Unknown command.
You feel much better. The wraith hits you! The wraith drains your vigour!
You feel as though you will be slow longer.
Magic courses through your body. The wraith barely misses you.
The wraith hits you! The wraith drains your vigour!
You feel as though you will be slow longer.
Aiming: Stone Arrow (safe; 1% risk of failure)
Press: ? - help, Q - select action, (/) - cycle Shift-Dir - straight line, f/p - manticore
Aim: a manticore (heavily wounded, 85% to hit)
The stone arrow hits the wraith!!
You destroy the wraith!
Sif Muna accepts your kill.
You see here a book of Fire.
Sif Muna grants you a gift!
You carefully extract the barbed spikes from your body.
The manticore flicks its tail.
The volley of spikes hits you!
The barbed spikes become lodged in your body.
* * * LOW HITPOINT WARNING * * *
Your Earth Magic skill increases to level 11!
Your Invocations skill increases to level 7!
You have reached level 7!
You feel much better.
The manticore flicks its tail.
The volley of spikes hits you!
The barbed spikes become lodged in your body.
* * * LOW HITPOINT WARNING * * *
You feel much better. The manticore bites you!!
Ouch! That really hurt!
You die...

#)#####'#####...<...#
#.#...)).[.##.......#
#.#...)))[.##.......#
#'###########.......#
#.).....#.. #########
#.)###..#.# ###
#.......#)# ...#
##.###)##)#....#
#.).....#@H....+
#..###..#'#....#
#.......'.# ...#
########### ###


You could see a manticore.

Vanquished Creatures
  A wraith (D)
  An orc warrior (D)
  An ogre (D)
  A kobold brigand (D)
  An orc priest (D)
  Jessica (D)
  An orc wizard (D)
  A mummy (D)
  2 river rats (D)
  A worm (D)
  5 orcs (D)
  3 bats (D)
  2 bat skeletons (D)
  A giant cockroach (D)
  A goblin (D)
  2 jackals (D)
  A quokka (D)
  A ball python (D)
  A ball python zombie (D)
  A jackal skeleton (D)
29 creatures vanquished.

Notes
Turn   | Place    | Note
-------+----------+-------------------------------------------
     0 | D        | rocky1 the Deep Elf Earth Elementalist began the quest for
                  | the Orb.
     0 | D        | Reached XP level 1. HP: 10/10 MP: 6/6
    42 | D        | Found a bloodstained altar of Trog.
    42 | D        | Found a shimmering blue altar of Sif Muna.
    42 | D        | Found a viscous altar of Jiyva.
    42 | D        | Found a hazy altar of Hepliaklqana.
    42 | D        | Found an opulent altar of Gozag.
    43 | D        | Found a glowing golden altar of the Shining One.
    43 | D        | Found a glowing silver altar of Zin.
    43 | D        | Found a basalt altar of Yredelemnul.
    43 | D        | Found a shimmering altar of Xom.
    43 | D        | Found an ornate altar of the Wu Jian Council.
    43 | D        | Found a sacrificial altar of Ru.
    43 | D        | Found a stormy altar of Qazlal.
    43 | D        | Found an iron altar of Okawaru.
    43 | D        | Found a sparkling altar of Nemelex Xobeh.
    43 | D        | Found a burning altar of Makhleb.
    43 | D        | Found a blossoming altar of Fedhas.
    43 | D        | Found a white marble altar of Elyvilon.
    43 | D        | Found a shadowy altar of Dithmenos.
    43 | D        | Found a snail-covered altar of Cheibriados.
    46 | D        | Found a corrupted altar of Lugonu.
    46 | D        | Found a radiant altar of Vehumet.
    47 | D        | Found an ancient bone altar of Kikubaaqudgha.
    47 | D        | Found a hide-covered altar of Uskayaw.
    47 | D        | Found a broken altar of Ashenzari.
    48 | D        | Became a worshipper of Sif Muna the Loreminder
    63 | D        | Reached skill level 4 in Earth Magic
    68 | D        | Reached * piety under Sif Muna
    69 | D        | Reached skill level 1 in Invocations
   126 | D        | Reached ** piety under Sif Muna
   127 | D        | Reached XP level 2. HP: 15/15 MP: 7/9
   141 | D        | Reached skill level 5 in Earth Magic
   225 | D        | Reached *** piety under Sif Muna
   226 | D        | Reached skill level 5 in Spellcasting
   226 | D        | Reached XP level 3. HP: 3/19 MP: 5/11
   398 | D        | Learned a level 3 spell: Stone Arrow
   468 | D        | Reached skill level 6 in Earth Magic
   473 | D        | Reached skill level 1 in Conjurations
   474 | D        | Reached skill level 7 in Earth Magic
   474 | D        | Reached XP level 4. HP: 20/24 MP: 8/14
   482 | D        | Noticed a kobold brigand
   485 | D        | Killed a kobold brigand
   485 | D        | Reached **** piety under Sif Muna
   486 | D        | Reached skill level 8 in Earth Magic
   486 | D        | Reached XP level 5. HP: 19/28 MP: 7/16
   487 | D        | Reached skill level 5 in Invocations
   565 | D        | Noticed Jessica
   567 | D        | Killed Jessica
   568 | D        | Reached ***** piety under Sif Muna
   568 | D        | Received a gift from Sif Muna
   569 | D        | Reached skill level 9 in Earth Magic
   569 | D        | Got Sif Muna's Cyclopedia of Evolved Silt {god gift}
   598 | D        | Learned a level 5 spell: Borgnjor's Vile Clutch
   634 | D        | Noticed an orc warrior
   639 | D        | Killed an orc warrior
   640 | D        | Reached skill level 5 in Conjurations
   640 | D        | Reached XP level 6. HP: 29/32 MP: 2/19
   753 | D        | Noticed a wraith
   753 | D        | Noticed a manticore
   757 | D        | Reached skill level 10 in Earth Magic
   765 | D        | Killed a wraith
   765 | D        | Received a gift from Sif Muna
   766 | D        | Reached skill level 11 in Earth Magic
   766 | D        | Reached XP level 7. HP: 2/36 MP: 19/22
   766 | D        | HP: 1/36 [manticore/volley of spikes (14)]
   767 | D        | Mangled by a manticore

Illustrated notes

Levels and vault maps discovered:
D:        pitsprint [storerooms_1, entrance_room_1, metal_vault_7, armoury_2,
          mini_pit_1, grid_room_1, main_hall_1, silver_pit, the_coven_2,
          the_vestibule_1, steel_vault_1, golden_pit, hallway_of_sentries,
          crystal_vault_2, iron_vault_3, final_vault]

Skill      XL: |  1  2  3  4  5  6 |
---------------+-------------------+-----
Earth Magic    | 4 5 7 8 9 11 | 11.2
Invocations    | 1 2 4 6 7 |  7.3
Spellcasting   | 4 5 6 7 8 9 |  9.5
Conjurations   | 2 3 5 6 |  6.6
Dodging        | |  2.4
Stealth        | |  2.4
Transmutations | |  1.1

Action                     |  1- 3 |  4- 6 |  7- 9 || total
---------------------------+-------+-------+-------++-------
   Cast: Sandblast         |    25 |    11 |       ||    36
         Stone Arrow       |       |    13 |       ||    13
    Use: Potion            |     2 |     4 |     2 ||     8
         Scroll            |     1 |       |       ||     1
 Armour: Robe              |     4 |     3 |       ||     7
  Dodge: Dodged            |     7 |     5 |       ||    12

Table legend: (Time is in decaauts)
 A = Elapsed time spent in this place.
 B = Non-inter-level travel time spent in this place.
 C = Inter-level travel time spent in this place.
 D = Time resting spent in this place.
 E = Time spent auto-exploring this place.
 F = Levels seen in this place.
 G = Mean time per level.
                   A        B        C        D        E       F      G
               +--------+--------+--------+--------+--------+-----+--------+
         Total |    788 |    775 |     13 |    514 |      0 |   1 |  788.0 |
       Dungeon |    788 |    775 |     13 |    514 |      0 |   1 |  788.0 |
               +--------+--------+--------+--------+--------+-----+--------+

Top non-repeatable levels by time:
       D: 788 daAuts
